AoeStats
← Ux'RaúlME

Golden Pit

508084860Analyzed
1v1 RM · 12d ago on Sep 20, 2026· 51m 46s· 2 players
Game mode
Random Map
Map size
Tiny (2 player)
Population
200
Speed
Normal
Resources
Standard
Victory
Conquest
Starting age
Dark Age
Ending age
Imperial Age
RankedLock teamsTeams togetherTeam positionsShared explorationLock speedFull tech treeHidden civsTurbo modeCheats
Victory
Defeat
🇲🇽 Franks · Mexico
1383
+16
🇩🇪 Spanish · Germany
1377
-16
dave2g
7:15 Loom
10:41 Feudal Age
15:02 Castle Age
14:06 Double-Bit Axe
26:12 Wheelbarrow
31:28 Town Watch
32:06 Horse Collar
36:26 Imperial Age
34:09 Fletching
34:49 Scale Barding Armor
37:12 Forging
37:06 Light Cavalry
38:26 Conscription
41:20 Bodkin Arrow
45:19 Gold Mining
46:42 Bloodlines
46:32 Husbandry
47:12 Sanctity
47:27 Padded Archer Armor
47:49 Chain Barding Armor
47:37 Husbandry
48:37 Leather Archer Armor
48:47 Cavalier
50:16 Bracer
51:53 Supremacy
51:26 Hussar
Ux'RaúlME
6:33 Loom
9:16 Feudal Age
9:52 Double-Bit Axe
19:48 Castle Age
18:34 Padded Archer Armor
20:12 Fletching
20:31 Elite Skirmisher
30:52 Gold Mining
35:55 Imperial Age
34:07 Town Watch
34:55 Bodkin Arrow
36:05 Ballistics
36:26 Wheelbarrow
36:17 Scale Barding Armor
37:29 Forging
37:54 Chain Barding Armor
37:16 Cavalier
37:57 Husbandry
40:06 Chemistry
40:18 Leather Archer Armor
47:27 Conscription
47:38 Bow Saw
52:57 Plate Barding Armor
52:57 Iron Casting
Connection lost

Rejoining the realm…

Still unreachable

The connection could not be restored.

Session expired

The server has moved on; the page needs a fresh start.